 Dungeon Sprint DCSS version 0.17-a0-2122-g03d97ec (webtiles) character file.

60858 Ordine the Conqueror (level 14, 0/168 HPs)
             Began as a Minotaur Fighter on Oct 21, 2015.
             Was the Champion of Makhleb.
             Slain by an Ice Fiend (33 damage)
             ... summoned by Cerebov
             ... in the Dungeon (Sprint IX: "|||||||||||||||||||||||||||||").
             The game lasted 00:22:19 (3713 turns).

Ordine the Conqueror (Minotaur Fighter)             Turns: 3713, Time: 00:22:19

Health: 0/168      AC: 35    Str: 22    XL:     14   Next: 58%
Magic:  13/13      EV: 18    Int:  5    God:    Makhleb [******]
Gold:   1570       SH:  0    Dex: 14    Spells: 0 memorised, 13 levels left

rFire  . . .     SeeInvis .     q - +2 dire flail (protect)
rCold  . . .     Clarity  .     w - +2 plate armour
rNeg   . . .     SustAt   .     (no shield)
rPois  .         Gourm    .     (helmet restricted)
rElec  .         Spirit   .     m - +1 cloak {MR+}
rCorr  .         Warding  .     t - +0 pair of gloves
rMut   .         NoTele   +     s - +0 pair of boots
MR     +++..                    (no amulet)
Stlth  ..........               o - ring of protection from fire
                                u - ring of protection from magic

@: fire vulnerable, extremely resistant to hostile enchantments, extremely
unstealthy
A: retaliatory headbutt, horns 2
a: Minor Destruction, Lesser Servant of Makhleb, Major Destruction, Greater
Servant of Makhleb, Renounce Religion


You were in the Dungeon.
You worshipped Makhleb.
Makhleb was exalted by your worship.
You were not hungry.

You visited 1 branch You collected 1916 gold pieces.
You spent 346 gold pieces at shops.

Inventory:

Hand Weapons
 q - a +2 dire flail of protection (weapon)
Armour
 m - a +1 cloak of magic resistance (worn)
 s - a +0 pair of boots (worn)
 t - a +0 pair of gloves (worn)
 w - a +2 plate armour (worn)
Jewellery
 o - a ring of protection from fire (right hand)
 u - a ring of protection from magic (left hand)
 v - an uncursed ring of see invisible
Scrolls
 k - a scroll of blinking
 n - 3 scrolls of remove curse
 p - a scroll of recharging
 x - a scroll of fog
Potions
 f - 6 potions of curing
 g - 4 potions of heal wounds
Comestibles
 b - 4 chunks of flesh
 d - 39 fruits
 e - 13 bread rations
 j - 10 meat rations


   Skills:
 O Level 27 Fighting
 - Level 16.1 Maces & Flails
 + Level 24.6 Armour
 - Level 20.3 Dodging
   Level 3.6 Shields


You had 13 spell levels left.
You didn't know any spells.

Dungeon Overview and Level Annotations

Branches:
Dungeon (1/1)

Altars:
Cheibriados
Dithmenos
Elyvilon
Fedhas
Gozag
Kikubaaqudgha
Makhleb
Nemelex Xobeh
Okawaru
Qazlal
Ru
Sif Muna
Trog
Vehumet
Xom
Yredelemnul
Zin
The Shining One
Beogh
Jiyva
Lugonu

Shops:
D (*%!

Annotations:
D Cerebov


Innate Abilities, Weirdness & Mutations

You reflexively headbutt those who attack you in melee.
You have a pair of horns on your head.


Message History

* * * LOW HITPOINT WARNING * * *
The Sword of Cerebov burns away your fire resistance.
You hit Cerebov but do no damage.
Cerebov is lightly wounded.
Cerebov gestures.
The Ice Fiend claws you but does no damage.
The Ice Fiend misses you.
You hit Cerebov but do no damage. Your headbutt misses Cerebov.
Cerebov is lightly wounded.
Cerebov hits you with a great serpentine sword {flame}.
* * * LOW HITPOINT WARNING * * *
Cerebov burns you.
* * * LOW HITPOINT WARNING * * *
Unknown command.
You hit Cerebov but do no damage. Your headbutt misses Cerebov.
Cerebov is lightly wounded.
The Ice Fiend misses you. The Ice Fiend claws you.
* * * LOW HITPOINT WARNING * * *
The Ice Fiend freezes you!!
You die...

)▓.▓.▓.▓.▓.▓.▓.▓
.▓.▓∩▓.▓.▓.▓)▓.▓.▓
.▓.▓.▓.▓.▓.▓)▓.▓p▓
(▓.▓∩▓.▓.▓.▓†▓.▓k▓
.▓.▓.▓.▓.▓.▓†▓.▓c▓
.▓.▓∩▓.▓(▓.▓)▓.▓S▓
†▓.▓.▓.▓)▓.▓)▓.▓p▓
†▓.▓∩▓[▓(▓.▓)▓.▓&▓
†▓.▓.▓.▓)▓.▓'▓.▓@▓
†▓.▓.▓.▓.▓.♣.♣.▓1▓
.▓.▓)▓.▓)▓.♣)♣.▓(▓
†▓.▓)▓.▓)▓.♣.♣.▓†▓
†▓.▓)▓.▓=▓.♣.♣.▓)▓
.▓.▓)▓.▓(▓.♣.♣.▓†▓
.▓(▓.▓.▓.▓.♣.♣.▓.▓
.▓.▓.▓.▓.▓.♣.♣.▓)▓
.▓.▓.▓.▓.▓.♣.♣.▓.▓


You could see Cerebov, an Ice Fiend, a yaktaur captain, an anaconda, a vault
sentinel, a lindwurm and an ironbrand convoker.

Vanquished Creatures
  An Orb Guardian (D)
  A quicksilver dragon (D)
  A thorn hunter (D)
  A greater naga (D)
  A fire giant (D)
  A frost giant (D)
  An ironheart preserver (D)
  5 stone giants (D)
  4 ettins (D)
  A merfolk impaler (D)
  Josephine (D)
  2 yaktaur captains (D)
  2 rakshasas (D)
  2 fire dragons (D)
  3 hydras (D)
  2 great orbs of eyes (D)
  4 ice dragons (D)
  Harold (D)
  2 naga warriors (D)
  A ghost crab (D)
  2 centaur warriors (D)
  A merfolk aquamancer (D)
  A death yak (D)
  3 ogre magi (D)
  An alligator (D)
  A hell knight (D)
  A naga sharpshooter (D)
  A shock serpent (D)
  An iron troll (D)
  2 deep trolls (D)
  3 hill giants (D)
  An unseen horror (D)
  An orc knight (D)
  A shambling mangrove (D)
  3 lindwurms (D)
  2 orc sorcerers (D)
  2 griffons (D)
  An ironbrand convoker (D)
  A manticore (D)
  2 salamanders (D)
  3 wolf spiders (D)
  2 cyclopes (D)
  A guardian serpent (D)
  2 sirens (D)
  An ugly thing (D)
  Maurice (D)
  An elephant (D)
  3 black mambas (D)
  2 komodo dragons (D)
  A vault sentinel (D)
  A demonic crawler (D)
  A yaktaur (D)
  3 trolls (D)
  A giant leech (D)
  2 slime creatures (D)
  2 merfolk (D)
  2 jumping spiders (D)
  A boulder beetle (D)
  A snapping turtle (D)
  6 wraiths (D)
  A wyvern (D)
  A trapdoor spider (D)
  A redback (D)
  2 basilisks (D)
  A vampire mosquito (D)
  A wolf (D)
  A naga (D)
  2 hippogriffs (D)
  A mottled dragon (D)
  9 orc warriors (D)
  3 water moccasins (D)
  A spider (D)
  A swamp drake (D)
  An ogre (D)
  A porcupine (D)
  An ice beast (D)
  A centaur (D)
  A big kobold (D)
  A brain worm (D)
  2 crocodiles (D)
  3 giant frogs (D)
  A killer bee (D)
  A wight (D)
  3 crimson imps (D)
  7 orc wizards (D)
  A hound (D)
  3 orc priests (D)
  An iguana (D)
  4 worms (D)
  An adder zombie (D)
  2 giant geckos (D)
  6 orcs (D)
  A hobgoblin (D)
  A ball python (D)
  A bat (D)
  A giant cockroach zombie (D)
  A kobold (D)
176 creatures vanquished.

Vanquished Creatures (others)
  A vampire knight (D)
  A vampire mage (D)
2 creatures vanquished.

Grand Total: 178 creatures vanquished

Notes
Turn   | Place    | Note
--------------------------------------------------------------
     0 | D        | Ordine the Minotaur Fighter began the quest for the Orb.
     0 | D        | Reached XP level 1. HP: 19/19 MP: 0/0
     9 | D        | Reached skill level 4 in Maces & Flails
   163 | D        | Noticed a crimson imp
   163 | D        | Noticed a hound
   173 | D        | Killed a hound
   173 | D        | Reached skill level 7 in Maces & Flails
   173 | D        | Reached XP level 2. HP: 24/26 MP: 1/1
   173 | D        | Reached XP level 3. HP: 28/31 MP: 2/2
   182 | D        | Killed a crimson imp
   182 | D        | Reached skill level 9 in Maces & Flails
   183 | D        | Reached XP level 4. HP: 32/39 MP: 3/3
   262 | D        | Found a glowing silver altar of Zin.
   262 | D        | Found a glowing golden altar of the Shining One.
   262 | D        | Found an ancient bone altar of Kikubaaqudgha.
   262 | D        | Found a basalt altar of Yredelemnul.
   262 | D        | Found a shimmering altar of Xom.
   262 | D        | Found a radiant altar of Vehumet.
   263 | D        | Found an iron altar of Okawaru.
   264 | D        | Found a burning altar of Makhleb.
   265 | D        | Found a deep blue altar of Sif Muna.
   266 | D        | Found a bloodstained altar of Trog.
   267 | D        | Found a sparkling altar of Nemelex Xobeh.
   268 | D        | Found a white marble altar of Elyvilon.
   269 | D        | Found a roughly hewn altar of Beogh.
   270 | D        | Found a viscous altar of Jiyva.
   271 | D        | Found a corrupted altar of Lugonu.
   272 | D        | Became a worshipper of Makhleb the Destroyer
   273 | D        | Found a blossoming altar of Fedhas.
   274 | D        | Found a snail-covered altar of Cheibriados.
   275 | D        | Found a shadowy altar of Dithmenos.
   276 | D        | Found a stormy altar of Qazlal.
   277 | D        | Found an opulent altar of Gozag.
   278 | D        | Found a sacrificial altar of Ru.
   329 | D        | Noticed a crimson imp
   329 | D        | Noticed an orc warrior
   329 | D        | Noticed an ogre
   329 | D        | Noticed a big kobold
   329 | D        | Noticed a giant frog
   329 | D        | Noticed a killer bee
   331 | D        | Killed a killer bee
   331 | D        | Reached skill level 11 in Maces & Flails
   332 | D        | Killed a giant frog
   332 | D        | Reached * piety under Makhleb
   332 | D        | Reached skill level 12 in Maces & Flails
   332 | D        | Reached XP level 5. HP: 45/45 MP: 4/4
   338 | D        | Killed a big kobold
   338 | D        | Reached skill level 13 in Maces & Flails
   341 | D        | Killed an ogre
   341 | D        | Reached skill level 15 in Maces & Flails
   341 | D        | Reached XP level 6. HP: 51/51 MP: 5/5
   344 | D        | Killed an orc warrior
   344 | D        | Reached ** piety under Makhleb
   344 | D        | Reached skill level 16 in Maces & Flails
   353 | D        | Killed a crimson imp
   353 | D        | Reached skill level 1 in Dodging
   411 | D        | Noticed an orc wizard
   411 | D        | Noticed a hippogriff
   411 | D        | Noticed a water moccasin
   411 | D        | Noticed a crimson imp
   411 | D        | Noticed a giant frog
   411 | D        | Noticed a cyclops
   418 | D        | Killed a cyclops
   418 | D        | Reached skill level 5 in Dodging
   418 | D        | Reached XP level 7. HP: 57/66 MP: 6/6
   422 | D        | Killed a giant frog
   422 | D        | Reached *** piety under Makhleb
   423 | D        | Killed a crimson imp
   428 | D        | Killed a water moccasin
   428 | D        | Reached XP level 8. HP: 70/74 MP: 7/7
   430 | D        | Killed a hippogriff
   430 | D        | Reached **** piety under Makhleb
   433 | D        | Killed an orc wizard
   601 | D        | Noticed a black mamba
   601 | D        | Noticed a hippogriff
   601 | D        | Noticed a crocodile
   601 | D        | Noticed a porcupine
   601 | D        | Noticed an iguana
   601 | D        | Noticed a black mamba
   603 | D        | Killed a black mamba
   604 | D        | Noticed a crocodile
   604 | D        | Killed an iguana
   604 | D        | Reached ***** piety under Makhleb
   606 | D        | Noticed a komodo dragon
   606 | D        | Killed a porcupine
   608 | D        | Noticed a wolf
   610 | D        | Killed a crocodile
   612 | D        | Killed a hippogriff
   612 | D        | Reached skill level 10 in Fighting
   612 | D        | Reached skill level 10 in Armour
   614 | D        | Killed a black mamba
   614 | D        | Reached XP level 9. HP: 83/86 MP: 8/8
   619 | D        | Killed a crocodile
   623 | D        | Killed a komodo dragon
   623 | D        | Reached skill level 10 in Dodging
   626 | D        | Killed a wolf
   626 | D        | Reached ****** piety under Makhleb
   773 | D        | Noticed a wyvern
   773 | D        | Noticed a four-headed hydra
   773 | D        | Noticed a black mamba
   773 | D        | Noticed a water moccasin
   773 | D        | Noticed a water moccasin
   773 | D        | Noticed a giant frog
   775 | D        | Killed a giant frog
   776 | D        | Noticed an elephant
   779 | D        | Noticed a death yak
   780 | D        | Killed a black mamba
   785 | D        | Noticed a komodo dragon
   785 | D        | Killed a four-headed hydra
   786 | D        | Killed a water moccasin
   788 | D        | Killed a water moccasin
   790 | D        | Killed a wyvern
   790 | D        | Reached XP level 10. HP: 101/101 MP: 9/9
   794 | D        | Killed an elephant
   798 | D        | Killed a death yak
   800 | D        | Killed a komodo dragon
   816 | D        | Noticed a brain worm
   816 | D        | Noticed a lindwurm
   816 | D        | Noticed a lindwurm
   820 | D        | Killed a lindwurm
   827 | D        | Noticed a lindwurm
   827 | D        | Killed a lindwurm
   828 | D        | Killed a brain worm
   842 | D        | Killed a lindwurm
   849 | D        | Gained mutation: You can spit weak poison. [potion of mutation]
   849 | D        | Gained mutation: You can spit poison. [potion of mutation]
   849 | D        | Gained mutation: You are frail (-10% HP). [potion of mutation]
   850 | D        | Lost mutation: You are frail (-10% HP). [potion of cure mutation]
   850 | D        | Lost mutation: You can spit poison. [potion of cure mutation]
   850 | D        | Lost mutation: You can spit weak poison. [potion of cure mutation]
   949 | D        | Noticed Harold
   977 | D        | Killed Harold
   977 | D        | Reached skill level 15 in Fighting
   977 | D        | Reached skill level 15 in Armour
  1058 | D        | Noticed an orc wizard
  1058 | D        | Noticed an orc priest
  1058 | D        | Noticed an orc priest
  1058 | D        | Noticed an orc wizard
  1058 | D        | Noticed an orc wizard
  1058 | D        | Noticed an orc wizard
  1066 | D        | Killed an orc wizard
  1069 | D        | Killed an orc wizard
  1070 | D        | Killed an orc wizard
  1073 | D        | Killed an orc priest
  1074 | D        | Noticed an orc wizard
  1074 | D        | Killed an orc priest
  1078 | D        | Noticed an orc warrior
  1078 | D        | Killed an orc wizard
  1082 | D        | Noticed an orc wizard
  1084 | D        | Noticed an orc priest
  1084 | D        | Killed an orc wizard
  1091 | D        | Killed an orc warrior
  1093 | D        | Killed an orc wizard
  1095 | D        | Killed an orc priest
  1129 | D        | Noticed an orc warrior
  1129 | D        | Noticed an orc sorcerer
  1129 | D        | Noticed an orc warrior
  1129 | D        | Noticed an orc warrior
  1129 | D        | Noticed an orc knight
  1129 | D        | Noticed an orc warrior
  1131 | D        | Noticed an orc warrior
  1143 | D        | Killed an orc knight
  1143 | D        | Reached XP level 11. HP: 113/113 MP: 10/10
  1148 | D        | Killed an orc warrior
  1149 | D        | Noticed an orc sorcerer
  1153 | D        | Killed an orc warrior
  1155 | D        | Killed an orc sorcerer
  1156 | D        | Noticed an orc warrior
  1159 | D        | Killed an orc warrior
  1161 | D        | Killed an orc warrior
  1163 | D        | Noticed an orc warrior
  1165 | D        | Killed an orc sorcerer
  1172 | D        | Killed an orc warrior
  1182 | D        | Killed an orc warrior
  1184 | D        | Killed an orc warrior
  1279 | D        | Found Fuerasybra's Distillery.
  1279 | D        | Noticed a hill giant
  1279 | D        | Noticed an iron troll
  1279 | D        | Noticed a deep troll
  1279 | D        | Noticed a hill giant
  1279 | D        | Noticed a troll
  1281 | D        | Noticed an ogre mage
  1284 | D        | Killed a troll
  1285 | D        | Noticed an ogre mage
  1289 | D        | Killed a hill giant
  1289 | D        | Reached skill level 15 in Dodging
  1293 | D        | Killed a deep troll
  1306 | D        | Killed an iron troll
  1311 | D        | Killed a hill giant
  1311 | D        | Reached skill level 17 in Fighting
  1312 | D        | Found Naffuica's Food Shop.
  1320 | D        | Killed an ogre mage
  1326 | D        | Killed an ogre mage
  1333 | D        | Found Fyesiasi's General Store.
  1335 | D        | Noticed a troll
  1336 | D        | Found Penof's Weapon Shop.
  1337 | D        | Noticed an ettin
  1338 | D        | Noticed a hill giant
  1339 | D        | Noticed a deep troll
  1340 | D        | Noticed a troll
  1340 | D        | Killed a troll
  1342 | D        | Noticed an ettin
  1345 | D        | Killed an ettin
  1349 | D        | Killed a hill giant
  1353 | D        | Killed a deep troll
  1353 | D        | Reached skill level 18 in Fighting
  1359 | D        | Killed a troll
  1365 | D        | Killed an ettin
  1365 | D        | Reached XP level 12. HP: 127/127 MP: 11/11
  1409 | D        | Bought a potion of might for 48 gold pieces
  1409 | D        | Bought a potion of haste for 120 gold pieces
  1409 | D        | Bought a potion of might for 48 gold pieces
  1413 | D        | Bought a potion of resistance for 130 gold pieces
  1444 | D        | Noticed Maurice
  1458 | D        | Killed Maurice
  1601 | D        | Noticed an ice beast
  1601 | D        | Noticed a basilisk
  1601 | D        | Noticed a basilisk
  1601 | D        | Noticed a centaur
  1601 | D        | Noticed a wight
  1602 | D        | Killed a wight
  1603 | D        | Noticed a wraith
  1605 | D        | Killed a centaur
  1606 | D        | Noticed a centaur warrior
  1607 | D        | Noticed an ice dragon
  1610 | D        | Killed a basilisk
  1615 | D        | Noticed a vampire knight
  1617 | D        | Killed a basilisk
  1621 | D        | Noticed a stone giant
  1624 | D        | Killed an ice beast
  1633 | D        | Killed a wraith
  1635 | D        | Noticed a fire dragon
  1643 | D        | Killed a centaur warrior
  1657 | D        | Killed a vampire knight
  1658 | D        | Killed an ice dragon
  1664 | D        | Killed a stone giant
  1664 | D        | Reached skill level 19 in Fighting
  1665 | D        | Noticed a hell knight
  1666 | D        | Noticed a rakshasa
  1671 | D        | Noticed a fire dragon
  1683 | D        | Killed a fire dragon
  1683 | D        | HP: 3/130 [fire dragon/blast of flame (25)]
  2131 | D        | Killed a fire dragon
  2155 | D        | Killed a hell knight
  2183 | D        | Killed a fire dragon
  2195 | D        | Killed a fire dragon
  2227 | D        | Killed a rakshasa
  2231 | D        | Killed a rakshasa
  2238 | D        | Killed a rakshasa
  2669 | D        | Noticed a naga
  2669 | D        | Noticed a shock serpent
  2669 | D        | Noticed a salamander
  2669 | D        | Noticed a greater naga
  2669 | D        | Noticed a naga sharpshooter
  2669 | D        | Noticed a guardian serpent
  2674 | D        | Killed a guardian serpent
  2675 | D        | Noticed a naga warrior
  2682 | D        | Noticed a salamander
  2684 | D        | Killed a greater naga
  2684 | D        | Reached skill level 20 in Fighting
  2688 | D        | Noticed a naga warrior
  2698 | D        | Killed a naga sharpshooter
  2705 | D        | Killed a salamander
  2709 | D        | Killed a shock serpent
  2721 | D        | Killed a naga warrior
  2728 | D        | Killed a naga
  2736 | D        | Killed a salamander
  2736 | D        | Reached XP level 13. HP: 84/140 MP: 12/12
  2748 | D        | Killed a naga warrior
  2966 | D        | Noticed a wolf spider
  2966 | D        | Noticed a spider
  2966 | D        | Noticed a wolf spider
  2966 | D        | Noticed a redback
  2966 | D        | Noticed a demonic crawler
  2968 | D        | Noticed a jumping spider
  2970 | D        | Noticed a trapdoor spider
  2972 | D        | Noticed a wolf spider
  2976 | D        | Killed a jumping spider
  2979 | D        | Killed a demonic crawler
  2981 | D        | Killed a redback
  2985 | D        | Killed a wolf spider
  2987 | D        | Killed a spider
  2994 | D        | Killed a wolf spider
  2997 | D        | Killed a trapdoor spider
  3004 | D        | Killed a wolf spider
  3004 | D        | Reached skill level 21 in Armour
  3006 | D        | Noticed a jumping spider
  3011 | D        | Killed a jumping spider
  3116 | D        | Noticed a five-headed hydra
  3116 | D        | Noticed a vampire mosquito
  3116 | D        | Noticed a swamp drake
  3116 | D        | Noticed a shambling mangrove
  3116 | D        | Noticed an alligator
  3116 | D        | Noticed a ghost crab
  3127 | D        | Killed a ghost crab
  3132 | D        | Killed an alligator
  3140 | D        | Killed a shambling mangrove
  3141 | D        | Noticed a giant leech
  3146 | D        | Noticed a seven-headed hydra
  3146 | D        | Killed a five-headed hydra
  3148 | D        | Killed a swamp drake
  3149 | D        | Killed a vampire mosquito
  3151 | D        | Noticed a thorn hunter
  3155 | D        | Killed a giant leech
  3161 | D        | Killed a seven-headed hydra
  3175 | D        | Killed a thorn hunter
  3209 | D        | Noticed a manticore
  3209 | D        | Noticed a merfolk
  3209 | D        | Noticed a siren
  3209 | D        | Noticed a merfolk aquamancer
  3209 | D        | Noticed a merfolk impaler
  3209 | D        | Noticed a griffon
  3217 | D        | Noticed a snapping turtle
  3224 | D        | Killed a merfolk aquamancer
  3226 | D        | Killed a griffon
  3229 | D        | Noticed a merfolk
  3232 | D        | Killed a merfolk impaler
  3236 | D        | Noticed a siren
  3243 | D        | Killed a merfolk
  3252 | D        | Killed a siren
  3259 | D        | Killed a manticore
  3265 | D        | Killed a snapping turtle
  3271 | D        | Killed a merfolk
  3276 | D        | Killed a siren
  3276 | D        | Reached skill level 22 in Armour
  3395 | D        | Noticed a wraith
  3396 | D        | Noticed a wraith
  3398 | D        | Noticed a wraith
  3402 | D        | Killed a wraith
  3406 | D        | Killed a wraith
  3409 | D        | Killed a wraith
  3415 | D        | Noticed Josephine
  3424 | D        | Killed Josephine
  3432 | D        | Noticed a wraith
  3435 | D        | Killed a wraith
  3451 | D        | Noticed a quicksilver dragon
  3451 | D        | Noticed a stone giant
  3451 | D        | Noticed an ice dragon
  3451 | D        | Noticed a rakshasa
  3451 | D        | Noticed a frost giant
  3451 | D        | Noticed a stone giant
  3453 | D        | Noticed a stone giant
  3457 | D        | Killed a stone giant
  3458 | D        | Noticed an ettin
  3462 | D        | Killed a frost giant
  3462 | D        | Reached skill level 23 in Fighting
  3463 | D        | Noticed an ettin
  3468 | D        | Killed a rakshasa
  3469 | D        | Noticed a great orb of eyes
  3478 | D        | Killed an ice dragon
  3479 | D        | Noticed a fire giant
  3483 | D        | Killed a stone giant
  3483 | D        | Reached skill level 24 in Fighting
  3484 | D        | Noticed an ice dragon
  3493 | D        | Killed a quicksilver dragon
  3495 | D        | Noticed a stone giant
  3500 | D        | Killed a stone giant
  3500 | D        | Reached XP level 14. HP: 147/160 MP: 13/13
  3504 | D        | Noticed a vampire mage
  3505 | D        | Killed an ettin
  3505 | D        | Reached skill level 25 in Fighting
  3511 | D        | Killed an ettin
  3516 | D        | Killed a great orb of eyes
  3520 | D        | Noticed a yaktaur
  3522 | D        | Killed a fire giant
  3522 | D        | Reached skill level 26 in Fighting
  3523 | D        | Noticed a yaktaur captain
  3524 | D        | Noticed a green ugly thing
  3534 | D        | Killed an ice dragon
  3535 | D        | Noticed a great orb of eyes
  3540 | D        | Killed a stone giant
  3546 | D        | Killed a vampire mage
  3554 | D        | Killed a yaktaur captain
  3557 | D        | Killed a yaktaur
  3567 | D        | Killed a green ugly thing
  3573 | D        | Killed a great orb of eyes
  3573 | D        | Reached skill level 27 in Fighting
  3587 | D        | Noticed a wraith
  3587 | D        | Noticed a slime creature
  3587 | D        | Noticed an ironheart preserver
  3587 | D        | Noticed a vault sentinel
  3587 | D        | Noticed an ice dragon
  3595 | D        | Noticed a mottled dragon
  3599 | D        | Killed an ice dragon
  3601 | D        | Noticed a centaur warrior
  3605 | D        | Killed an unseen horror
  3606 | D        | Noticed a slime creature
  3612 | D        | Killed an ironheart preserver
  3616 | D        | Killed a vault sentinel
  3617 | D        | Noticed a griffon
  3618 | D        | Noticed a cyclops
  3621 | D        | Killed a slime creature
  3622 | D        | Noticed an ironbrand convoker
  3629 | D        | Killed a wraith
  3633 | D        | Killed a mottled dragon
  3634 | D        | Noticed an ogre mage
  3635 | D        | Noticed a yaktaur captain
  3639 | D        | Killed a centaur warrior
  3640 | D        | Noticed a boulder beetle
  3643 | D        | Killed a slime creature
  3647 | D        | Killed a griffon
  3659 | D        | Killed an ogre mage
  3660 | D        | Noticed a vault sentinel
  3661 | D        | Noticed Cerebov
  3661 | D        | Noticed an Orb Guardian
  3675 | D        | Killed an Orb Guardian
  3680 | D        | Killed a cyclops
  3681 | D        | Noticed a yaktaur captain
  3685 | D        | Killed an ironbrand convoker
  3689 | D        | Killed a yaktaur captain
  3697 | D        | Noticed an ironbrand convoker
  3702 | D        | Killed a boulder beetle
  3710 | D        | Noticed an Ice Fiend
  3713 | D        | Slain by an Ice Fiend

Vault maps used:
D:        linesprint

Action                   |  1- 3 |  4- 6 |  7- 9 | 10-12 | 13-15 || total
-------------------------+-------+-------+-------+-------+-------++-------
Melee: Flail             |    33 |     9 |       |       |       ||    42
       Dire flail        |       |    23 |    49 |   407 |   385 ||   864
  Use: Potion            |       |     2 |     2 |    11 |     3 ||    18
       Scroll            |       |     1 |     2 |     4 |     2 ||     9
 Stab: Invisible         |       |       |     5 |       |       ||     5
       Fleeing           |       |       |       |       |     1 ||     1
  Eat: Chunk             |       |       |     1 |     2 |       ||     3
       Meat ration       |       |       |       |     1 |     1 ||     2
       Fruit             |       |       |       |     1 |       ||     1
